 Dungeon Crawl Stone Soup version 0.18.1-50-g88ac8fd (webtiles) character file.

30 Chiseanne the Skirmisher (level 3, -2/28 HPs)
             Began as a Demonspawn Wanderer on Apr 27, 2017.
             Was an Initiate of Ashenzari.
             Slain by a worm (7 damage)
             ... on level 2 of the Dungeon.
             The game lasted 00:01:52 (1046 turns).

Chiseanne the Skirmisher (Demonspawn Wanderer)      Turns: 1046, Time: 00:01:53

Health: -2/28      AC:  4    Str: 13    XL:     3   Next: 5%
Magic:  4/4        EV: 12    Int: 12    God:    Ashenzari [......]
Gold:   52         SH:  0    Dex: 13    Spells: 0 memorised, 4 levels left

rFire  . . .     SeeInvis .     a - +3 short sword
rCold  . . .     Gourm    .     d - +0 robe
rNeg   . . .     Faith    .     (no shield)
rPois  .         Spirit   .     (helmet restricted)
rElec  .         Dismiss  .     (no cloak)
rCorr  .         Reflect  .     m - +1 pair of gloves
SustAt .         Harm     .     (no boots)
MR     .....                    (no amulet)
Stlth  +.........               (no ring)
                                (no ring)

@: not resistant to hostile enchantments, very unstealthy
A: antennae 1
a: Curse Item, Renounce Religion


You were on level 2 of the Dungeon.
You worshipped Ashenzari.
Ashenzari was noncommittal.
You were not hungry.

You visited 1 branch of the dungeon, and saw 2 of its levels.

You collected 52 gold pieces.

Inventory:

Hand Weapons
 a - a +3 short sword (weapon)
Missiles
 k - 17 stones (quivered)
Armour
 d - a +0 robe (worn)
 l - a +0 buckler
 m - a +1 pair of gloves (worn)
Scrolls
 b - 2 scrolls of teleportation
 g - a scroll of remove curse
 i - a scroll of fog
 q - a scroll of identify {unknown}
Potions
 c - a potion of curing
 e - a potion of cancellation {unknown}
 h - 2 potions of might {unknown}
 j - 3 potions of invisibility {unknown}
 p - a potion of degeneration {unknown}
Comestibles
 f - a bread ration
 n - a meat ration
 o - a beef jerky


   Skills:
 * Level 2.8 Fighting
 - Level 1.7 Short Blades
 - Level 1.0 Throwing
 * Level 1.0 Armour
 * Level 1.5 Dodging
 - Level 1.0 Spellcasting
   Level 1.1 Necromancy
   Level 1.0 Poison Magic
   Level 1.0 Evocations


You had 4 spell levels left.
You didn't know any spells.

Dungeon Overview and Level Annotations

Branches:
Dungeon (2/15)

Altars:
Ashenzari


Innate Abilities, Weirdness & Mutations

You have a pair of small antennae on your head.


Message History

The adder barely misses you. x2
A worm comes into view.
You miss the adder.
The adder is heavily wounded.
The adder barely misses you.
You hit the adder.
The adder is severely wounded.
The adder bites you.
You hit the adder.
You kill the adder!
You have reached level 3!
Your experience leads to an increase in your attributes!
Increase (S)trength, (I)ntelligence, or (D)exterity?
You feel agile. The worm bites you!
You barely miss the worm. You hit the worm but do no damage.
The worm bites you!
* * * LOW HITPOINT WARNING * * *
You hit the worm but do no damage. The worm bites you!
You die...

#....####
#.......##
####....#...
........#..#
........#.<#
........#.#####
....##........#..
.......).@w......
....##....##....#
. ##...# #.#
##.†.# #....#
#...## #...# #
... ####.#†# .#
#.#
#......###.####
#.#


You could see a worm.

Vanquished Creatures
  An adder (D:2)
  2 giant geckos (D:2)
  2 bats (D:1)
  A goblin (D:2)
  3 hobgoblins (D:1)
  4 kobolds
  8 rats
21 creatures vanquished.

Notes
Turn   | Place    | Note
--------------------------------------------------------------
     0 | D:1      | Chiseanne the Demonspawn Wanderer began the quest for the Orb.
     0 | D:1      | Chiseanne set off with: a +2 short sword, a scroll of teleportation, a potion of curing, a +0 robe, a bread ration
     0 | D:1      | Reached XP level 1. HP: 16/16 MP: 2/2
   132 | D:1      | Found a shattered altar of Ashenzari.
   146 | D:1      | Became a worshipper of Ashenzari the Shackled
   528 | D:1      | Gained mutation: You have a pair of small antennae on your head. [demonic ancestry]
   528 | D:1      | Reached XP level 2. HP: 23/23 MP: 3/3
   936 | D:2      | Reached skill level 1 in Armour
  1041 | D:2      | Reached XP level 3. HP: 25/28 MP: 4/4
  1046 | D:2      | Slain by a worm

Skill      XL: |  1  2 |
---------------+-------+-----
Armour         | 1 |  1.0
Fighting       | |  2.8
Short Blades   | |  1.7
Throwing       | |  1.0
Dodging        | |  1.5
Spellcasting   | |  1.0
Necromancy     | |  1.1
Poison Magic   | |  1.0
Evocations     | |  1.0

Action                   || total
-------------------------++-------
Melee: Short sword       ||    59
  Use: Scroll            ||     2
Armor: Robe              ||     9
Dodge: Dodged            ||    33
